 Dungeon Crawl Stone Soup version 0.28-a0-1510-gd0f6b136d3 (webtiles) character file.

Game seed: 16707183035670818249

2114 Armakuni the Destroyer (level 9, -7/57 HPs)
             Began as a Human Conjurer on Jan 14, 2022.
             Was an Initiate of Vehumet.
             Mangled by a freezing wraith (20 damage)
             ... led by a death knight
             ... on level 6 of the Dungeon.
             The game lasted 00:22:24 (7873 turns).

Armakuni the Destroyer (Human Conjurer)             Turns: 7873, Time: 00:22:24

Health: -7/57      AC:  9    Str: 11    XL:     9   Next: 53%
Magic:  16/16      EV: 15    Int: 25    God:    Vehumet [......]
Gold:   257        SH:  0    Dex: 12    Spells: 6/18 levels left

rFire   . . .      SeeInvis .   a - +1 mace (protect)
rCold   . . .      Faith    .   (no shield)
rNeg    . . .      Spirit   .   c - +0 leather armour of Inviolability {Regen+}
rPois   .          Reflect  .   (no helmet)
rElec   .          Harm     .   w - +2 cloak {Stlth+}
rCorr   .          Rampage  .   g - +0 pair of gloves
Will    .....                   s - +1 pair of boots
Stlth   +++.......              (no amulet)
HPRegen 0.99/turn               W - +6 ring of intelligence
MPRegen 0.15/turn               E - +4 ring of evasion

@: slowed, very slow
A: no striking features
a: Renounce Religion


You were on level 6 of the Dungeon.
You worshipped Vehumet.
Vehumet was noncommittal.
You visited 2 branches of the dungeon, and saw 7 of its levels.

You collected 257 gold pieces.

Inventory:

Hand Weapons
 a - a +1 mace of protection (weapon)
 b - a +4 quarterstaff of chaos
Missiles
 e - 4 poisoned darts
Armour
 c - the +0 leather armour of Inviolability (worn) {Regen+}
   (You found it on level 5 of the Dungeon)

   Regen:     It increases your rate of health regeneration.
 g - a +0 pair of gloves (worn)
 s - a +1 pair of boots (worn)
 t - a +0 kite shield
 w - a +2 cloak of stealth (worn)
 x - the +4 scale mail of the Untouchables {Will+}
   (You found it on level 2 of the Dungeon)

   Will:      It increases your willpower.
Magical Staves
 f - a staff of fire
Jewellery
 u - a +6 ring of strength
 E - a +4 ring of evasion (right hand)
 I - a ring of see invisible
 K - a ring of resist corrosion
 W - a +6 ring of intelligence (left hand)
Wands
 h - a wand of acid (6)
 k - a wand of digging (4)
Scrolls
 j - 3 scrolls of teleportation
Potions
 d - a potion of berserk rage {unknown}
 i - a potion of mutation {unknown}
 l - 2 potions of cancellation {unknown}
 m - 2 potions of brilliance {unknown}
 n - a potion of heal wounds {unknown}
 o - 2 potions of invisibility {unknown}
 q - 2 potions of might {unknown}


   Skills:
 - Level 2.0 Dodging
 - Level 2.0 Stealth
 - Level 5.0 Spellcasting
 + Level 9.1 Conjurations
 - Level 5.0 Translocations
 + Level 3.2 Ice Magic
 + Level 3.3 Air Magic


You had 6 spell levels left.
You knew the following spells:

 Your Spells              Type           Power      Damage    Failure   Level
a - Magic Dart            Conj           100%       1d8       1%          1
c - Freezing Cloud        Conj/Ice/Air   16%        6-21      34%         5
m - Iskenderun's Mystic   Conj/Tloc      41%        2d9       6%          4
z - Searing Ray           Conj           100%       2d8       1%          2

Your spell library contained the following spells:

 Spells                   Type           Power      Damage    Failure   Level
 Dazzling Flash           Conj/Hex       58%        N/A       4%          3
 Gell's Gravitas          Tloc           31%        N/A       4%          3
 Lesser Beckoning         Tloc           31%        N/A       4%          3
 Stone Arrow              Conj/Erth      58%        3d10      4%          3
 Teleport Other           Tloc           31%        N/A       4%          3
 Mephitic Cloud           Conj/Pois/Air  26%        N/A       6%          3
 Poisonous Vapours        Pois/Air       28%        N/A       9%          2
 Sandblast                Erth           12%        2d6       11%         1
 Sting                    Tmut/Pois      24%        1d4       11%         1
 Passage of Golubria      Tloc           31%        N/A       14%         4
 Passwall                 Tmut/Erth      5%         N/A       16%         2
 Fulminant Prism          Conj/Hex       14%        3d9       17%         4
 Ignite Poison            Fire/Tmut/Pois 6%         N/A       32%         3
 Tukima's Dance           Hex            6%         N/A       32%         3
 Olgreb's Toxic Radiance  Pois           6%         N/A       71%         4
 Dispersal                Tloc           15%        N/A       91%         6
 Yara's Violent Unravell  Hex/Tmut       3%         3d4       96%         5


Dungeon Overview and Level Annotations

Branches:
Dungeon (6/15)             Temple (1/1) D:6

Altars:
Ashenzari
Dithmenos
Elyvilon
Fedhas
Gozag
Hepliaklqana
Makhleb
Nemelex Xobeh
Okawaru
Qazlal
Ru
Sif Muna
Uskayaw
Vehumet
Wu Jian
Xom
Yredelemnul
Zin
The Shining One

Annotations:
D:4 3 runed translucent doors, p0werm0de's ghost, novice GrCK


Message History

You see here a +0 leather armour.
You see here a +0 giant spiked club.
A freezing wraith comes into view.
Aiming: Paralyse
Press: ? - help, Shift-Dir - straight line, f - freezing wraith
Aim: a freezing wraith (wandering, hasn't noticed you, chance to affect: 31%)
Okay, then.
Aiming: Paralyse
Press: ? - help, Shift-Dir - straight line, f - freezing wraith
Aim: a freezing wraith (wandering, hasn't noticed you, chance to affect: 31%)
The freezing wraith easily resists.
Aiming: Paralyse
Press: ? - help, Shift-Dir - straight line, f/p - freezing wraith
Aim: a freezing wraith (chance to affect: 31%)
The freezing wraith easily resists.
Aiming: Paralyse
Press: ? - help, Shift-Dir - straight line, f/p - freezing wraith
Aim: a freezing wraith (chance to affect: 31%)
The freezing wraith easily resists.
Aiming: Paralyse
Press: ? - help, Shift-Dir - straight line, f/p - freezing wraith
Aim: a freezing wraith (chance to affect: 31%)
The freezing wraith easily resists.
Aiming: Paralyse
Press: ? - help, Shift-Dir - straight line, f/p - freezing wraith
Aim: a freezing wraith (chance to affect: 31%)
The freezing wraith easily resists.
The freezing wraith closely misses you. The freezing wraith hits you!
The freezing wraith drains your vigour!
You feel yourself slow down. The freezing wraith hits you!
The freezing wraith freezes you! The freezing wraith hits you.
The freezing wraith drains your vigour!
You feel as though you will be slow longer.
Aiming: Paralyse
Press: ? - help, Shift-Dir - straight line, f/p - freezing wraith
Aim: a freezing wraith (chance to affect: 31%)
The freezing wraith easily resists.
The now-empty wand crumbles to dust.
The freezing wraith hits you!
* * * LOW HITPOINT WARNING * * *
The freezing wraith freezes you!!
You die...

##.....### ##.........
##.........#
##..........#
##...........# .
##...........## #..####
#............#
#......#####...........#
#$W@..............#
#######...........#
##.........##
##..#.....# #..#######
##..## ##..# ##.## #..##


You could see a freezing wraith.

Vanquished Creatures
  Prince Ribbit (D:6)
  Grinder (D:6)
  2 ice beasts (D:5)
  An orc warrior (D:5)
  A sky beast (D:5)
  A necrophage (D:6)
  3 ogres
  4 scorpions
  A water moccasin zombie (D:5)
  2 bullfrog zombies
  2 hounds (D:5)
  Crazy Yiuf (D:6)
  3 centaur skeletons (D:5)
  2 jellies
  2 iguanas
  Jessica (D:2)
  A bullfrog skeleton (D:5)
  An orc wizard (D:5)
  A killer bee zombie (D:5)
  A howler monkey zombie (D:5)
  A gnoll (D:5)
  14 adders
  A white imp (D:5)
  2 adder skeletons (D:4)
  2 worms (D:2)
  4 dart slugs
  16 orcs
  13 endoplasms
  2 giant cockroaches
  7 goblins
  5 hobgoblins
  8 quokkas
  5 ball pythons
  7 bats
  5 frilled lizards
  5 kobolds
  6 rats
135 creatures vanquished.

Vanquished Creatures (others)
  2 plants (D:5)
2 creatures vanquished.

Grand Total: 137 creatures vanquished

Notes
Turn   | Place    | Note
-------+----------+-------------------------------------------
     0 | D:1      | Armakuni the Human Conjurer began the quest for the Orb.
     0 | D:1      | Reached XP level 1. HP: 13/13 MP: 3/3
   176 | D:1      | Reached XP level 2. HP: 19/19 MP: 2/5
   179 | D:1      | Learned a level 2 spell: Searing Ray
   735 | D:1      | Reached XP level 3. HP: 24/24 MP: 4/7
  1380 | D:2      | Found a faded altar of an unknown god.
  1496 | D:2      | Reached XP level 4. HP: 30/30 MP: 6/9
  1518 | D:2      | Noticed Jessica
  1538 | D:2      | Killed Jessica
  1768 | D:2      | Identified the +4 scale mail of the Untouchables {Will+}
  2031 | D:2      | Found a stormy altar of Qazlal.
  2071 | D:2      | Reached XP level 5. HP: 35/35 MP: 5/11
  2796 | D:3      | Learned a level 4 spell: Iskenderun's Mystic Blast
  3596 | D:4      | Reached XP level 6. HP: 41/41 MP: 8/13
  3762 | D:4      | Found a runed translucent gate.
  3762 | D:4      | Found a runed translucent gate.
  3762 | D:4      | Found a runed translucent gate.
  3763 | D:4      | Noticed p0werm0de's ghost (novice GrCK)
  3869 | D:4      | Found a hide-covered altar of Uskayaw.
  4280 | D:4      | Reached skill level 5 in Spellcasting
  4439 | D:5      | Entered Level 5 of the Dungeon
  4471 | D:5      | Noticed an ogre
  4490 | D:5      | Killed an ogre
  4491 | D:5      | Reached skill level 5 in Conjurations
  4574 | D:5      | Reached skill level 1 in Translocations
  4574 | D:5      | Reached XP level 7. HP: 44/46 MP: 11/14
  4578 | D:5      | Reached skill level 6 in Conjurations
  4626 | D:5      | Found an opulent altar of Gozag.
  5023 | D:5      | Reached XP level 8. HP: 40/52 MP: 8/15
  5212 | D:5      | Reached skill level 7 in Conjurations
  5327 | D:5      | Identified the +0 leather armour of Inviolability {Regen+}
  5801 | D:5      | Found a glowing golden altar of the Shining One.
  5977 | D:5      | Reached skill level 5 in Translocations
  6108 | D:5      | Reached skill level 8 in Conjurations
  6488 | D:5      | Learned a level 5 spell: Freezing Cloud
  6811 | D:6      | Reached XP level 9. HP: 57/57 MP: 8/16
  6922 | D:6      | Noticed Prince Ribbit
  6928 | D:6      | Killed Prince Ribbit
  6929 | D:6      | Reached skill level 1 in Ice Magic
  6929 | D:6      | Reached skill level 1 in Air Magic
  6994 | D:6      | Found a staircase to the Ecumenical Temple.
  7007 | Temple   | Entered the Ecumenical Temple
  7232 | Temple   | Became a worshipper of Vehumet
  7585 | D:6      | Found a runed translucent door.
  7586 | D:6      | Noticed Crazy Yiuf
  7593 | D:6      | Killed Crazy Yiuf
  7690 | D:6      | Noticed Grinder
  7701 | D:6      | Killed Grinder
  7702 | D:6      | Reached skill level 9 in Conjurations
  7865 | D:6      | Noticed a freezing wraith
  7873 | D:6      | Mangled by a freezing wraith

Illustrated notes

Levels and vault maps discovered:
D:1:      dpeg_arrival_leaves_temple_mockup, layout_basic,
          kennysheep_nondescript, minmay_cupped
D:2:      layout_loops_ring, basic_altar, ebering_ecumenical_altar_webs,
          uniq_jessica
D:3:      layout_loops_cross, minmay_crystal_water, grunt_decor_fettered,
          hangedman_decor_push
D:4:      layout_loops_ring, mainiacjoe_overflow_tiny_flanked,
          gammafunk_ghost_necromancy
D:5:      minmay_thinvault, layout_loops_corners,
          nicolae_tso_swordbearing_angel, mainiacjoe_overflow_boulevard,
          hangedman_decor_growths
D:6:      layout_cave_pods, temple_doors_ab, uniq_crazy_yiuf_cottage,
          uniq_prince_ribbit1, uniq_grinder
Temple:   eino_temple_scatter_basement

Skill      XL: |  1  2  3  4  5  6  7  8  9 |
---------------+----------------------------+-----
Spellcasting   | 3 4 5 |  5.0
Conjurations   | 5 6 8 9 |  9.1
Translocations | 1 3 5 |  5.0
Ice Magic      | 3 |  3.2
Air Magic      | 3 |  3.3
Dodging        | |  2.0
Stealth        | |  2.0

Action                   |  1- 3 |  4- 6 |  7- 9 || total
-------------------------+-------+-------+-------++-------
Melee: Short sword       |     2 |       |       ||     2
       Dagger            |     5 |    13 |       ||    18
       Mace              |       |       |     4 ||     4
 Cast: Magic Dart        |    11 |       |       ||    11
       Searing Ray       |    21 |    48 |    49 ||   118
       Iskenderun's Myst |       |       |     2 ||     2
Evoke: Wand              |       |     2 |     9 ||    11
  Use: Scroll            |     3 |     1 |     2 ||     6
       Potion            |       |       |     1 ||     1
 Stab: Sleeping          |     1 |       |       ||     1
Armor: Robe              |     1 |       |       ||     1
       Leather armour    |     7 |    12 |    15 ||    34
Dodge: Dodged            |    11 |    34 |    40 ||    85

Table legend: (Time is in decaauts)
 A = Elapsed time spent in this place.
 B = Non-inter-level travel time spent in this place.
 C = Inter-level travel time spent in this place.
 D = Time resting spent in this place.
 E = Time spent auto-exploring this place.
 F = Levels seen in this place.
 G = Mean time per level.
                   A        B        C        D        E       F      G
               +--------+--------+--------+--------+--------+-----+--------+
         Total |   7873 |   7613 |    260 |   1588 |   4690 |   7 | 1124.7 |
       Dungeon |   7631 |   7412 |    219 |   1544 |   4550 |   6 | 1271.8 |
        Temple |    242 |    201 |     41 |     44 |    140 |   1 |  242.0 |
               +--------+--------+--------+--------+--------+-----+--------+

Top non-repeatable levels by time:
     D:5: 1935 daAuts
     D:1: 1210 daAuts
     D:3: 1189 daAuts
     D:4: 1169 daAuts
     D:6: 1114 daAuts
     D:2: 1011 daAuts
  Temple: 242 daAuts
